 Dungeon Crawl Stone Soup version 0.30-a0-585-g93115170b9 (webtiles) character file.

Game seed: 17723430463300256983

288 wormed the Shooter (level 5, -2/45 HPs)
             Began as a Demigod Hunter on Jan 2, 2023.
             Slain by a gnoll
             ... wielding a +0 club
              (6 damage)
             ... on level 2 of the Dungeon.
             The game lasted 00:02:21 (2155 turns).

wormed the Shooter (Demigod Hunter)                 Turns: 2155, Time: 00:02:21

Health: -2/45      AC:  4    Str: 12    XL:     5   Next: 81%
Magic:  7/7        EV: 13    Int: 11    God:
Gold:   61         SH:  0    Dex: 21    Spells: 4/4 levels left

rFire   . . .      SeeInvis .    a - +0 shortbow
rCold   . . .      Faith    .    (shield currently unavailable)
rNeg    . . .      Spirit   .    c - +0 leather armour
rPois   .          Reflect  .    (helmet restricted)
rElec   .          Harm     .    (no cloak)
rCorr   .          Rampage  .    m - +0 pair of gloves
Will    .....      Clarity  +    (no boots)
Stlth   ++                       (no amulet)
HPRegen 0.27/turn                (no ring)
MPRegen 0.10/turn                (no ring)

@: hasted, very quick
A: high MP 1, forlorn, divine attributes, horns 2, clarity
a: no special abilities


You were on level 2 of the Dungeon.
You visited 1 branch of the dungeon, and saw 3 of its levels.

You collected 61 gold pieces.

Inventory:

Hand Weapons
 a - a +0 shortbow (weapon)
Missiles
 d - 2 throwing nets
Armour
 c - a +0 leather armour (worn)
 m - a +0 pair of gloves (worn)
Scrolls
 h - a scroll of poison {unknown}
 i - a scroll of torment {unknown}
 j - a scroll of fog {unknown}
 k - a scroll of brand weapon {unknown}
Potions
 b - a potion of attraction


   Skills:
 + Level 3.0 Fighting
 * Level 5.1 Ranged Weapons
 + Level 3.0 Dodging
 * Level 2.8 Stealth


You had 4 spell levels left.
You didn't know any spells.
Your spell library contained the following spells:

 Spells                   Type           Power      Damage    Failure   Level
 Hailstorm                Conj/Ice       0%         3d3       80%         3
 Inner Flame              Hex/Fire       0%         N/A       80%         3
 Flame Wave               Conj/Fire      0%         2d4       99%         4
 Ice Form                 Ice/Tmut       0%         N/A       99%         4
 Sticky Flame             Conj/Fire      0%         2d3       99%         4
 Simulacrum               Ice/Necr       0%         N/A       100%        6


Dungeon Overview and Level Annotations

Branches:
Dungeon (3/15)


Innate Abilities, Weirdness & Mutations

You have an increased reservoir of magic. (+10% MP)
You shall have no god before yourself.
Your divine heritage dramatically boosts your attributes as you level up.
You have a pair of horns on your head.
You possess an exceptional clarity of mind.


Message History

You shoot an arrow. The arrow hits the adder.
You kill the adder!
You feel sick. The gnoll hits you with a +0 club. The gnoll misses you.
The gnoll hits you with a +0 club.
Your Dodging skill increases to level 3!
You shoot an arrow. The arrow closely misses the gnoll.
You feel sick. The gnoll barely misses you.
The gnoll hits you but does no damage.
You shoot an arrow. The arrow closely misses the gnoll.
You feel sick.
You are no longer poisoned.
The gnoll barely misses you. The gnoll hits you with a +0 club. x2
* * * LOW HITPOINT WARNING * * *
You feel yourself speed up. The gnoll closely misses you.
The gnoll hits you but does no damage.
You shoot an arrow. The arrow closely misses the gnoll.
The gnoll hits you with a +0 club.
* * * LOW HITPOINT WARNING * * *
The gnoll hits you with a +0 club.
* * * LOW HITPOINT WARNING * * *
You shoot an arrow. The arrow hits the gnoll!
The gnoll is almost dead.
The gnoll hits you but does no damage.
It was a potion of mutation.
You feel extremely strange.
Your thoughts seem clearer.
A pair of horns grows on your head! The horns on your head grow some more.
The gnoll closely misses you. The gnoll barely misses you.
You shoot an arrow.
The arrow hits the gnoll but does no damage.
The gnoll is severely wounded.
The gnoll hits you with a +0 club.
* * * LOW HITPOINT WARNING * * *
The gnoll closely misses you.
You shoot an arrow.
The arrow hits the gnoll but does no damage.
The gnoll is severely wounded.
The gnoll completely misses you. The gnoll hits you with a +0 club.
* * * LOW HITPOINT WARNING * * *
You shoot an arrow. The arrow hits the gnoll.
You kill the gnoll!
The gnoll hits you with a +0 club.
You die...

#.##.#.#.######### #
#.##.....#.......# #
#.##.....#...÷...# #
#####.##.#.#.#.......# #
..)....#)....#.......# #
#......#)....###'################
#......#.#.#.##..................
#......#.....##.†################
.......#.....#.)@#
#......#.#.#.##.g#
#......#.....##..#
'......#.....##..#####
#......#.#.#.#.......#
#......#.....#.......#
#......#.....#.......###
#......#.#.#.#.........#
########.....#.........#


You could see a gnoll.

Vanquished Creatures
  Sigmund (D:2)
  4 gnolls (D:2)
  5 adders (D:2)
  7 endoplasms
  4 giant cockroaches
  3 goblins (D:1)
  6 hobgoblins
  3 jackals (D:1)
  2 quokkas
  8 ball pythons
  4 bats
  2 frilled lizards (D:1)
  7 kobolds
  A rat (D:1)
57 creatures vanquished.

Notes
Turn   | Place    | Note
-------+----------+-------------------------------------------
     0 | D:1      | wormed the Demigod Hunter began the quest for the Orb.
     0 | D:1      | Reached XP level 1. HP: 17/17 MP: 3/3
    20 | D:1      | Reached skill level 1 in Stealth
    86 | D:1      | Reached XP level 2. HP: 24/24 MP: 4/4
   493 | D:1      | You fall into a shaft and drop 1 floor!
   580 | D:2      | Reached skill level 4 in Ranged Weapons
   651 | D:2      | Reached XP level 3. HP: 29/29 MP: 5/5
   658 | D:2      | HP: 1/29 [gnoll/+0 whip (5)]
   749 | D:2      | Identified the +6 mace of Dawn {elec, rF++}
   798 | D:2      | Noticed Sigmund
   801 | D:2      | Killed Sigmund
   802 | D:2      | Reached XP level 4. HP: 30/37 MP: 6/6
   802 | D:2      | Reached XP level 5. HP: 35/44 MP: 7/7
  1037 | D:2      | Reached skill level 5 in Ranged Weapons
  2152 | D:2      | Gained mutation: You possess an exceptional clarity of
                  | mind. [potion of mutation]
  2152 | D:2      | Gained mutation: You have a pair of small horns on your
                  | head. [potion of mutation]
  2152 | D:2      | Gained mutation: You have a pair of horns on your head.
                  | [potion of mutation]
  2155 | D:2      | Slain by a gnoll

Illustrated notes

Levels and vault maps discovered:
D:1:      ebering_trefoil_twist, layout_basic, minmay_pentomino_z2
D:2:      minmay_kobold_bridge, layout_basic, columned_hall_lemuel,
          minmay_misc_feat_diagonals, bh_walls_and_bars, uniq_sigmund
D:3:      layout_loops_ring, kennysheep_vampire_church,
          nicolae_overflow_crystal_walls, mainiacjoe_overflow_divided_tiny,
          serial_rivers, chequers_serial_rivers_room_b,
          chequers_serial_rivers_room_b, chequers_serial_rivers_large_a,
          chequers_serial_rivers_marsh, grunt_ministairs_4, supply_closet_lemuel

Skill      XL: |  1  2  3  4  5 |
---------------+----------------+-----
Stealth        | 1 2 |  2.8
Fighting       | 2 3 |  3.0
Dodging        | 2 3 |  3.0
Ranged Weapons | 4 5 |  5.1

Action                   |  1- 3 |  4- 6 || total
-------------------------+-------+-------++-------
 Fire: Shortbow          |    74 |    93 ||   167
  Use: Potion            |     2 |     3 ||     5
       Scroll            |     1 |     3 ||     4
Armor: Leather armour    |     4 |    18 ||    22
Dodge: Dodged            |    15 |    44 ||    59

Table legend: (Time is in decaauts)
 A = Elapsed time spent in this place.
 B = Non-inter-level travel time spent in this place.
 C = Inter-level travel time spent in this place.
 D = Time resting spent in this place.
 E = Time spent auto-exploring this place.
 F = Levels seen in this place.
 G = Mean time per level.
                   A        B        C        D        E       F      G
               +--------+--------+--------+--------+--------+-----+--------+
         Total |   2207 |   2100 |    107 |      0 |   1786 |   3 |  735.7 |
       Dungeon |   2207 |   2100 |    107 |      0 |   1786 |   3 |  735.7 |
               +--------+--------+--------+--------+--------+-----+--------+

Top non-repeatable levels by time:
     D:2: 1249 daAuts
     D:1: 942 daAuts
     D:3: 15 daAuts
